Map: Ruins of Seras

Players

AcerBly (Bly) - Winner!

  • Race: Zerg Zerg

PiLiPiLi

  • Race: Protoss Protoss

Event: LycanGTV LotV Beta Tournament 1

VOD

Have the link to the VOD?

Description

Time

  • Played on: April 2, 2015, 1:23 p.m.
  • Length: 8:16

All games in this series

Show
View Real Time Build Order
Export as new Build Order

AcerBly Zerg - Winner!

Build Orders: Hatch First 

Get SALT Encoding   

  12  0:01  Drone  
  13  0:11  Drone  
  14  0:36  Hatchery  
  14  0:39  Drone  
  14  0:44  Overlord  
  14  1:02  Spawning Pool  
  13  1:06  Drone  
  14  1:11  Drone  
  14  1:17  Drone  
  16  1:22  Drone  
  17  1:50  Zergling x2  
  17  1:51  Zergling x6  
  21  2:07  Zergling x4  
  17  2:33  Drone  
  14  2:44  Drone x2  
  17  2:51  Drone  
  17  2:57  Drone  
  18  3:02  Drone  
  19  3:08  Drone x2  
  19  3:12  Drone  
  22  3:16  Drone  
  23  3:20  Drone  
  23  3:30  Drone x3  
  23  3:32  Extractor  
  25  3:39  Queen  
  27  3:42  Overlord  
  27  4:00  Queen  
  27  4:02  Drone x5  
  34  4:10  Overlord  
  34  4:15  Drone  
  35  4:21  Overlord  
  35  4:24  Extractor  
  35  4:28  Drone  
  35  4:33  Drone  
  35  4:37  Extractor  
  35  4:38  Metabolic Boost  
  35  4:39  Roach Warren  
  35  4:40  Drone  
  35  4:45  Overlord  
  35  4:48  Drone  
  36  4:53  Drone x4  
  36  4:59  Overlord  
  40  5:00  Drone  
  41  5:19  Roach x7  
  55  5:24  Burrow  
  55  5:26  Roach  
  57  5:36  Drone x2  
  57  5:37  Drone x2  
  57  5:41  Overlord  
  61  5:49  Roach x3  
  67  5:52  Overlord  
  67  6:02  Zergling x12  
  73  6:09  Ravager  
  74  6:13  Ravager x2  
  74  6:16  Ravager  
  74  6:18  Overlord  
  77  6:20  Zergling x12  
  83  6:28  Overlord  
  82  6:41  Roach x6  
  68  7:12  Roach x5  
  68  7:13  Roach x5  
  87  7:20  Roach x5  
  87  7:23  Spine Crawler  
  87  7:24  Spine Crawler  
  87  7:26  Hatchery  
  86  7:30  Roach x2  
  88  7:43  Roach x3  
  91  7:51  Roach  
  91  7:52  Roach x4  
Show
View Real Time Build Order
Export as new Build Order

PiLiPiLi Protoss 

Build Orders: Cannon Rush 

Get SALT Encoding   

  13  0:09  Pylon  
  13  0:13  Probe  
  13  0:25  Probe (Chrono Boost)  
  15  0:37  Probe (Chrono Boost)  
  15  0:44  Probe (Chrono Boost)  
  16  0:54  Probe  
  17  0:58  Forge  
  17  1:07  Pylon  
  17  1:14  Gateway  
  17  1:35  Photon Cannon  
  17  1:39  Pylon  
  17  1:42  Pylon  
  17  1:45  Pylon  
  17  1:49  Photon Cannon  
  17  1:54  Pylon  
  17  1:59  Photon Cannon  
  17  2:08  Probe  
  18  2:09  Assimilator  
  18  2:21  Gateway  
  18  2:28  Probe  
  19  2:32  Zealot (Chrono Boost)  
  19  2:35  Cybernetics Core  
  21  2:42  Probe (Chrono Boost)  
  22  2:46  Assimilator  
  21  2:53  Probe (Chrono Boost)  
  22  3:06  Nexus  
  22  3:10  Pylon  
  22  3:31  Mothership Core (Chrono Boost)  
  22  3:43  Warp Gate  
  22  3:47  Probe (Chrono Boost)  
  23  3:55  Pylon  
  22  4:13  Probe (Chrono Boost)  
  22  4:16  Stalker (Chrono Boost)  
  25  4:23  Probe (Chrono Boost)  
  27  4:24  Probe (Chrono Boost), Protoss Ground Weapons Level 1 (Chrono Boost)  
  27  4:30  Probe  
  27  4:31  Probe  
  29  4:38  Gateway  
  29  4:40  Gateway  
  29  4:43  Probe x2, Gateway  
  31  4:47  Photon Cannon  
  31  4:52  Pylon  
  31  4:56  Probe (Chrono Boost)  
  33  5:01  Probe (Chrono Boost)  
  33  5:10  Probe (Chrono Boost)  
  33  5:11  Probe (Chrono Boost)  
  35  5:19  Probe (Chrono Boost)  
  35  5:20  Probe (Chrono Boost)  
  37  5:22  Gateway  
  37  5:26  Probe  
  37  5:27  Gateway  
  38  5:32  Gateway  
  38  5:34  Probe  
  39  5:43  Probe  
  39  5:46  Probe  
  39  5:47  Pylon  
  41  5:50  Sentry x2  
  41  5:51  Sentry x2  
  49  5:57  Pylon  
  49  5:59  Probe  
  49  6:00  Pylon  
  50  6:04  Probe  
  50  6:11  Pylon  
  49  6:14  Stalker  
  49  6:16  Stalker  
  53  6:25  Probe, Pylon  
  54  6:26  Probe  
  54  6:28  Stalker, Pylon  
  55  6:35  Stalker  
  57  6:47  Stalker  
  57  6:50  Pylon  
  59  6:56  Stalker  
  59  6:58  Photon Cannon  
  55  7:01  Stalker  
  55  7:04  Zealot x2  
  55  7:05  Zealot x2  
  58  7:12  Photon Cannon  
  58  7:26  Zealot x4  
  66  7:30  Zealot  
  67  7:49  Stalker x2  
  69  8:04  Pylon  
  67  8:05  Pylon  
  67  8:07  Pylon  

Tags
 
Add a new tag
Caveats
  • Supply blocks, unpowered buildings, or Contaminate may cause inaccurate times.
  • Supply counts are checked every 10 seconds.